 Dungeon Crawl Stone Soup version 0.26-a0-1205-g4083c211ab (webtiles) character file.

Game seed: 1917963050796792812

0 Gargoyl the Skirmisher (level 1, -2/23 HPs)
             Began as a Gnoll Abyssal Knight on Dec 29, 2020.
             Was a Follower of Lugonu.
             Slain by an orange demon (8 damage)
             ... on level 1 of the Abyss.
             The game lasted 00:00:14 (127 turns).

Gargoyl the Skirmisher (Gnoll Abyssal Knight)        Turns: 127, Time: 00:00:14

Health: -2/23      AC:  3    Str: 14    XL:     1   Next: 0%
Magic:  3/3        EV: 12    Int: 14    God:    Lugonu [*.....]
Gold:   0          SH:  0    Dex: 14    Spells: 0/0 levels left

rFire    . . .     SeeInvis .   a - +1 hand axe
rCold    . . .     Faith    .   (no shield)
rNeg     . . .     Spirit   .   b - +0 leather armour
rPois    .         Reflect  .   (no helmet)
rElec    .         Harm     .   (no cloak)
rCorr    .         Rampage  .   (no gloves)
Will     .....                  (no boots)
Stlth    +.........             (no amulet)
HPRegen  0.07/turn              (no ring)
MPRegen  0.08/turn              (no ring)

@: mighty, lethally poisoned (-2 -> -15)
A: distributed training, fangs 1, strong nose
a: Renounce Religion, Depart the Abyss


You were on level 1 of the Abyss.
You worshipped Lugonu.
Lugonu was aware of your devotion.
You visited 0 branches of the dungeon, and saw 0 of its levels.
You visited the Abyss 1 time.

Inventory:

Hand Weapons
 a - a +1 hand axe (weapon)
Armour
 b - a +0 leather armour (worn)


   Skills:
 + Level 6.4 Fighting
 + Level 0.0 Short Blades
 + Level 0.0 Long Blades
 + Level 4.4 Axes
 + Level 0.0 Maces & Flails
 + Level 0.0 Polearms
 + Level 0.0 Staves
 + Level 0.0 Slings
 + Level 0.0 Bows
 + Level 0.0 Crossbows
 + Level 0.0 Throwing
 + Level 4.4 Armour
 + Level 2.3 Dodging
 + Level 0.0 Stealth
 + Level 0.0 Shields
 + Level 0.0 Unarmed Combat
 + Level 0.0 Spellcasting
 + Level 0.0 Conjurations
 + Level 0.0 Hexes
 + Level 0.0 Summonings
 + Level 0.0 Necromancy
 + Level 0.0 Translocations
 + Level 0.0 Transmutations
 + Level 0.0 Fire Magic
 + Level 0.0 Ice Magic
 + Level 0.0 Air Magic
 + Level 0.0 Earth Magic
 + Level 0.0 Poison Magic
 + Level 4.4 Invocations
 + Level 0.0 Evocations


You couldn't memorise any spells.
You didn't know any spells.
Your spell library was empty.

Dungeon Overview and Level Annotations

Branches:
Dungeon (0/15)

Altars:


Innate Abilities, Weirdness & Mutations

Your experience applies equally to all skills.
You have very sharp teeth.
Your uncanny sense of smell can sniff out nearby items.


Message History

Unknown command.
A large abomination comes into view.
A large abomination is nearby!
Found a glowing emerald potion.
An orange demon comes into view.
You see here a glowing emerald potion.
c - a glowing emerald potion The orange demon stings you but does no damage.
It was a potion of might.
You feel very mighty all of a sudden. The orange demon stings you from afar!
You are lethally poisoned!
The orange demon poisons you!
You feel sick. The orange demon misses you. The orange demon hits you.
Unknown command.
You slash the orange demon!
The orange demon is lightly wounded.
* * * LOW HITPOINT WARNING * * *
You feel sick. The orange demon stings you!
You die...

.. .## ###
####..###..
.....#....#
..........
.........# #
.........###
#.. . .
#.....#..# #..
##@#.##.
#..#.4###.# .#
##....#... #.
.###.....# # .
. #.......
........#..#.#
.....#..###.#.
.. ##..#...##
#.# ## ...##


You could see an orange demon.

Vanquished Creatures (others)
  A lurking horror (Abyss:1)
1 creature vanquished.

Notes
Turn   | Place    | Note
-------+----------+-------------------------------------------
     0 | Abyss:1  | Gargoyl the Gnoll Abyssal Knight began the quest for the
                  | Orb.
     0 | Abyss:1  | Reached XP level 1. HP: 23/23 MP: 3/3
     2 | Abyss:1  | Found a corrupted altar of Lugonu.
    85 | Abyss:1  | Noticed a large abomination
   118 | Abyss:1  | Noticed an orange demon
   127 | Abyss:1  | Slain by an orange demon

Illustrated notes

Levels and vault maps discovered:
Abyss:1:  base: Temple, bh_abyss_negative, base:
Temple

Action                   || total
-------------------------++-------
Melee: Hand axe          ||     1
  Use: Potion            ||     1
Armor: Leather armour    ||     1
Dodge: Dodged            ||     1

Table legend: (Time is in decaauts)
 A = Elapsed time spent in this place.
 B = Non-inter-level travel time spent in this place.
 C = Inter-level travel time spent in this place.
 D = Time resting spent in this place.
 E = Time spent auto-exploring this place.
 F = Levels seen in this place.
 G = Mean time per level.
                   A        B        C        D        E       F      G
               +--------+--------+--------+--------+--------+-----+--------+
         Total |    127 |    127 |      0 |      0 |     94 |   1 |  127.0 |
         Abyss |    127 |    127 |      0 |      0 |     94 |   1 |  127.0 |
               +--------+--------+--------+--------+--------+-----+--------+

Top non-repeatable levels by time:
 Abyss:1: 127 daAuts
